Map: 暮色之塔

Players

伊莉丝芙蕾雅 - Winner!

  • Race: Terran Terran
  • League: Master

summer

  • Race: Terran Terran
  • League: Master

VOD

Have the link to the VOD?

Description

Time

  • Played on: May 20, 2016, 7:47 a.m.
  • Length: 17:23
Show
View Real Time Build Order
Export as new Build Order

伊莉丝芙蕾雅 Terran - Winner!

Build Orders: Reaper Expand 

Get SALT Encoding   

  12  0:00  SCV  
  13  0:12  SCV  
  14  0:17  Supply Depot  
  14  0:24  SCV  
  15  0:39  SCV  
  16  0:42  Barracks  
  16  0:45  Refinery  
  16  0:51  SCV  
  17  1:03  SCV  
  18  1:15  SCV  
  19  1:29  Orbital Command  
  19  1:30  Reaper  
  20  1:43  Refinery  
  20  1:49  Command Center  
  20  1:55  SCV  
  21  2:02  Marine  
  21  2:08  SCV  
  21  2:10  Supply Depot  
  22  2:21  Factory, SCV  
  23  2:26  Refinery  
  23  2:27  Barracks Reactor  
  23  2:39  SCV  
  24  2:53  SCV  
  23  3:06  Starport  
  23  3:07  Marine x2, Factory Tech Lab  
  23  3:09  SCV  
  23  3:10  Orbital Command  
  26  3:21  SCV  
  29  3:33  SCV  
  30  3:40  SCV  
  29  3:43  Hellion x2  
  29  3:47  SCV  
  34  3:50  Raven  
  34  3:52  SCV  
  34  3:54  Refinery  
  37  3:57  Refinery  
  37  3:59  Supply Depot  
  37  4:00  SCV  
  38  4:04  SCV  
  38  4:08  Hellion x2  
  38  4:09  Explosive Shrapnel Shells  
  43  4:12  SCV  
  44  4:20  SCV  
  44  4:22  Supply Depot  
  44  4:24  SCV  
  46  4:29  Hellion x2  
  50  4:32  SCV  
  50  4:34  Raven  
  50  4:36  SCV  
  54  4:44  SCV  
  55  4:48  SCV  
  56  4:53  Hellion  
  56  4:55  Command Center, Hellion  
  56  4:56  SCV  
  61  5:02  Supply Depot  
  61  5:03  SCV  
  61  5:07  Supply Depot  
  62  5:10  SCV  
  63  5:17  Raven  
  63  5:20  Engineering Bay  
  66  5:28  Hellion x2, SCV  
  66  5:29  SCV  
  68  5:37  Starport  
  68  5:41  SCV  
  69  5:43  SCV  
  69  5:48  Supply Depot  
  69  5:59  Hellion x2, SCV  
  69  6:00  SCV  
  69  6:02  Barracks Tech Lab  
  75  6:04  Factory, Raven  
  77  6:11  SCV  
  77  6:14  Starport Tech Lab  
  78  6:20  SCV  
  78  6:21  Armory  
  78  6:23  SCV  
  80  6:27  Hellion  
  80  6:28  Barracks Tech Lab, Starport  
  77  6:48  Raven  
  77  6:50  Corvid Reactor  
  79  6:56  Refinery  
  79  6:57  Planetary Fortress  
  79  6:59  Refinery  
  79  7:12  Raven  
  81  7:21  Hellion x2  
  85  7:23  Terran Vehicle Weapons Level 1  
  85  7:25  SCV x2  
  87  7:37  SCV  
  87  7:38  Command Center  
  88  7:49  SCV x2  
  88  7:50  Raven  
  90  8:00  Raven  
  90  8:02  SCV  
  90  8:03  SCV  
  94  8:08  Hellion x2  
  94  8:09  Infernal Pre-Igniter  
  98  8:14  SCV  
  98  8:15  SCV  
  98  8:16  Hellion  
  102  8:27  SCV x2  
  104  8:29  Raven, Hellion  
  104  8:30  Command Center  
  104  8:34  Supply Depot, Hellion  
  108  8:35  Supply Depot  
  108  8:39  SCV x2  
  108  8:40  SCV  
  113  8:45  Raven  
  113  8:47  Hellion  
  117  8:50  Raven  
  117  8:51  Hellion, SCV x2  
  123  8:56  Hellion  
  125  9:05  SCV x2  
  125  9:06  SCV  
  125  9:08  Hellion  
  125  9:09  Supply Depot  
  130  9:10  Supply Depot, Hi-Sec Auto Tracking  
  130  9:12  Raven  
  132  9:17  SCV x2  
  132  9:18  Starport, SCV  
  132  9:20  Barracks Tech Lab  
  132  9:23  Terran Vehicle Weapons Level 2  
  135  9:29  SCV  
  135  9:30  SCV x2  
  138  9:34  Planetary Fortress  
  138  9:42  SCV x3  
  141  9:46  Sensor Tower  
  141  9:48  Supply Depot  
  141  9:49  Refinery, Sensor Tower  
  144  9:54  Hellion x2  
  144  9:55  Refinery  
  145  10:07  Raven  
  145  10:10  Raven  
  149  10:20  Command Center  
  149  10:27  Command Center  
  149  10:28  Missile Turret x2  
  145  10:50  Planetary Fortress  
  145  10:51  SCV x2  
  145  10:54  Raven  
  145  10:55  Raven x2  
  153  11:05  Refinery x2  
  142  11:42  Raven  
  142  11:43  Raven x3  
  142  11:46  Fusion Core  
  150  11:53  Thor  
  156  11:54  SCV  
  156  11:56  SCV x2  
  159  12:18  Terran Vehicle Weapons Level 3  
  159  12:23  Starport  
  159  12:25  Starport, Raven  
  159  12:27  Planetary Fortress  
  161  12:30  Refinery  
  161  12:35  Refinery  
  161  12:37  Battlecruiser  
  167  12:40  Weapon Refit  
  167  12:44  SCV x2  
  167  12:45  SCV x2  
  171  12:56  SCV  
  171  12:57  SCV x2  
  174  13:16  Starport Tech Lab  
  174  13:17  Starport Tech Lab  
  154  14:01  Battlecruiser x5  
  184  14:07  Hellion x3  
  190  14:18  Command Center  
  190  14:28  Hellion  
  170  15:05  Battlecruiser x2  
  174  15:07  Raven  
  174  15:08  Raven x3  
  174  15:10  SCV x2  
  184  15:20  Refinery  
  178  15:24  Refinery, Command Center  
  178  15:43  SCV x2  
  178  15:46  Sensor Tower, Planetary Fortress  
  180  15:50  Raven x2  
  180  15:51  Raven x2  
  188  16:01  Hellion x3  
  194  16:09  Raven x2  
  198  16:17  Command Center  
  198  16:22  Hellion  
Show
View Real Time Build Order
Export as new Build Order

summer Terran 

Build Orders: Mech 

Get SALT Encoding   

  12  0:02  SCV  
  13  0:14  SCV  
  14  0:19  Supply Depot  
  14  0:26  SCV  
  15  0:41  SCV  
  15  0:42  Barracks  
  16  0:47  Refinery  
  16  0:53  SCV  
  17  1:05  SCV  
  18  1:18  SCV  
  19  1:31  Orbital Command  
  19  1:33  Barracks Reactor  
  19  1:39  Command Center  
  19  1:50  Supply Depot  
  19  1:58  SCV  
  20  2:10  Marine x2, SCV  
  20  2:15  Factory  
  23  2:24  SCV  
  23  2:29  Marine x2  
  26  2:36  SCV  
  27  2:42  Bunker  
  27  2:46  Refinery  
  27  2:48  SCV  
  28  2:54  Marine x2  
  28  2:56  Orbital Command  
  30  3:00  Starport, SCV  
  31  3:05  Widow Mine  
  31  3:12  SCV  
  34  3:24  SCV x2  
  36  3:29  Barracks Tech Lab  
  36  3:30  Engineering Bay  
  36  3:38  Medivac  
  38  3:41  SCV  
  38  3:48  Widow Mine x2  
  39  3:50  SCV  
  39  3:55  Command Center  
  44  3:57  SCV  
  46  4:02  SCV  
  46  4:03  Missile Turret  
  46  4:29  Missile Turret  
  46  4:31  Supply Depot  
  46  4:33  Supply Depot  
  46  4:37  Supply Depot  
  46  4:52  Barracks Reactor, Viking x2, SCV x2  
  52  4:54  Cyclone  
  52  4:59  Supply Depot  
  55  5:01  Supply Depot  
  55  5:04  SCV x2  
  57  5:09  Orbital Command  
  57  5:10  Refinery x2  
  57  5:17  SCV x2  
  55  5:35  SCV x2  
  57  5:40  Siege Tank  
  57  5:41  Viking x2  
  64  5:53  SCV x2  
  66  6:00  SCV  
  67  6:08  Factory  
  67  6:10  SCV  
  68  6:11  Viking x2  
  68  6:16  Siege Tank, Orbital Command  
  75  6:26  Infernal Pre-Igniter  
  75  6:30  SCV x2  
  77  6:45  SCV x2  
  79  6:52  Widow Mine  
  81  6:54  Hellion, Siege Tank  
  81  6:58  SCV  
  87  7:01  SCV  
  87  7:02  SCV  
  86  7:10  SCV  
  87  7:16  Barracks Tech Lab, Hellion  
  87  7:18  Factory, SCV x2  
  87  7:21  Refinery  
  87  7:22  Refinery, Hellion  
  93  7:26  Siege Tank  
  93  7:29  Command Center  
  96  7:32  SCV x2  
  96  7:36  Widow Mine  
  98  7:37  SCV  
  98  7:38  Missile Turret  
  101  7:44  Command Center  
  101  7:45  Widow Mine  
  101  7:47  Supply Depot  
  101  8:04  Supply Depot  
  101  8:06  Supply Depot  
  101  8:07  Supply Depot  
  101  8:08  SCV x3  
  101  8:09  Hellion x2  
  108  8:15  Starport  
  108  8:16  Starport  
  108  8:17  Starport  
  108  8:21  Starport, Barracks Reactor, SCV  
  108  8:24  Hellion, Siege Tank  
  114  8:30  Siege Tank  
  114  8:32  Missile Turret  
  114  8:33  Viking x2  
  121  8:40  SCV x2  
  123  8:42  Armory  
  123  8:43  Armory  
  123  8:44  Supply Depot  
  123  8:45  Supply Depot  
  123  8:48  Orbital Command  
  123  8:54  Starport Tech Lab  
  123  8:55  Starport Tech Lab  
  123  8:57  Starport Tech Lab  
  123  8:59  Fusion Core, SCV x2  
  125  9:07  SCV  
  125  9:09  Missile Turret  
  126  9:10  Orbital Command  
  126  9:11  Orbital Command  
  126  9:12  Missile Turret, SCV  
  126  9:14  Supply Depot  
  127  9:18  Raven x2  
  131  9:27  SCV x3  
  134  9:39  SCV  
  134  9:40  Refinery  
  134  9:42  Refinery  
  135  9:50  Behemoth Reactor  
  135  9:51  Raven  
  137  9:55  Corvid Reactor  
  137  10:03  SCV  
  137  10:04  SCV  
  139  10:13  Missile Turret  
  139  10:33  Siege Tank x2  
  139  10:34  Hellion x2  
  149  10:38  Factory x2  
  149  10:41  Factory  
  149  10:46  Viking  
  149  10:47  Viking x5, Weapon Refit  
  160  10:56  Hellion x2  
  94  11:42  Siege Tank x2  
  94  11:43  Viking  
  94  11:44  Viking x4  
  94  11:45  SCV x4  
  94  11:46  Factory Tech Lab x3  
  110  11:55  Terran Vehicle And Ship Armor Level 1  
  110  11:56  Terran Vehicle Weapons Level 1  
  110  11:58  Hellion x2  
  110  11:59  Factory Reactor  
  114  12:05  Siege Tank  
  114  12:06  Siege Tank  
  120  12:14  Siege Tank x2  
  126  12:19  Hellion  
  128  12:38  Siege Tank x2  
  128  12:39  Supply Depot  
  134  12:46  Siege Tank x2  
  140  13:00  Hellion  
  140  13:01  Hellion x3  
  140  13:03  Viking x3  
  140  13:04  Viking x2  
  158  13:06  Orbital Command  
  158  13:07  Supply Depot, SCV  
  158  13:08  SCV  
  158  13:10  Hellion x2  
  164  13:14  Viking x2  
  164  13:18  Hellion  
  164  13:19  Hellion  
  172  13:22  Hellion x3  
  176  13:28  Orbital Command  
  149  13:45  Hellion x3  
  125  14:00  Hellion  
  125  14:02  Thor  
  125  14:03  Thor x2  
  143  14:13  Viking x2  
  147  14:22  Missile Turret  
  147  14:26  Missile Turret  
  119  14:43  Missile Turret  
  106  14:47  Viking  
  106  14:48  Missile Turret, Viking  
  89  15:06  Missile Turret, Viking x3  
  87  15:08  Missile Turret  
  87  15:13  Hellion x5  
  87  15:14  Hellion  
  98  15:15  Refinery  
  98  15:18  Refinery  
  98  15:26  Command Center  
  98  15:27  Refinery  
  98  15:31  Refinery, Command Center  
  98  15:44  SCV x2  
  100  15:54  Widow Mine  
  100  15:55  Widow Mine x6  
  100  15:56  Widow Mine  
  116  16:05  Missile Turret  
  116  16:06  Missile Turret  
  116  16:07  Missile Turret  
  116  16:17  SCV  
  117  16:23  Widow Mine  
  119  16:27  Missile Turret  
  119  16:32  Missile Turret  
  119  16:38  Orbital Command  
  119  16:42  SCV x2  
  121  16:53  SCV  
  114  16:58  Missile Turret  
Tags
 
Composition
Mech
Matchup
TvT
Race
Terran
Add a new tag
Caveats
  • Supply blocks, unpowered buildings, or Contaminate may cause inaccurate times.
  • Supply counts are checked every 10 seconds.